 Dungeon Crawl Stone Soup version 0.20.0-15-g7f486f2 (webtiles) character file.

48 greprep the Sneak (level 3, 0/21 HPs)
             Began as an Octopode Enchanter on June 28, 2017.
             Killed from afar by an orc wizard (6 damage)
             ... with a magic dart
             ... on level 3 of the Dungeon.
             The game lasted 00:02:28 (1905 turns).

greprep the Sneak (Octopode Enchanter)              Turns: 1905, Time: 00:02:29

Health: 0/21       AC:  1    Str:  7    XL:     3   Next: 72%
Magic:  6/6        EV: 13    Int: 18    God:
Gold:   89         SH:  0    Dex: 12    Spells: 0/6 levels left

rFire    . . .     SeeInvis .   a - +1 dagger
rCold    . . .     Gourm    .   (no shield)
rNeg     . . .     Faith    .   (helmet restricted)
rPois    .         Spirit   .   (no amulet)
rElec    .         Reflect  .   j - ring of flight
rCorr    .         Harm     .   o - +4 ring of slaying
MR       .....                  (no ring)
Stlth    ++++......             (no ring)
Regen    0.1/turn               (no ring)
MPRegen  0.1/turn               (no ring)
                                (no ring)
                                (no ring)

@: no status effects
A: almost no armour, stealthy swim, amphibious, 8 rings, constrict 8, camouflage
1, gelatinous body 1
a: Evoke Flight


You were on level 3 of the Dungeon.
You were not hungry.

You visited 1 branch of the dungeon, and saw 3 of its levels.

You collected 89 gold pieces.

Inventory:

Hand Weapons
 a - a +1 dagger (weapon)
Armour
 g - a +0 buckler
Jewellery
 j - a ring of flight (left tentacle)
 o - a +4 ring of slaying (right tentacle)
Scrolls
 e - a scroll of remove curse {unknown}
 i - a scroll of identify {unknown}
 m - 3 scrolls of teleportation {unknown}
 n - a scroll of random uselessness {unknown}
 p - a scroll of enchant weapon {unknown}
 s - a scroll of recharging {unknown}
 t - a scroll of blinking {unknown}
Potions
 d - a potion of curing {unknown}
 h - a potion of agility {unknown}
 k - a potion of ambrosia {unknown}
 l - a potion of degeneration {unknown}
Books
 b - a book of Maledictions

   Spells                             Type                      Level
   a - Corona                         Hexes                        1
   b - Ensorcelled Hibernation        Hexes/Ice                    2
   c - Confuse                        Hexes                        3
   d - Tukima's Dance                 Hexes                        3
   e - Dazzling Spray                 Conjuration/Hexes            3
Comestibles
 c - a bread ration
 f - 3 fruits
 q - a meat ration
 r - a royal jelly


   Skills:
 - Level 1.0 Short Blades
 + Level 2.5 Dodging
 + Level 5.5 Stealth
 * Level 1.1 Shields
 - Level 2.0 Spellcasting
 - Level 3.0 Hexes


You couldn't memorise any spells.
You knew the following spells:

 Your Spells              Type           Power        Failure   Level  Hunger
a - Corona                Hex            ##.....      5%          1    #......
b - Ensorcelled Hibernat  Hex/Ice        #.....       14%         2    ###....
c - Confuse               Hex            ##......     16%         3    ###....


Dungeon Overview and Level Annotations

Branches:
Dungeon (3/15)

Altars:
Hepliaklqana
Nemelex Xobeh
Ru
Xom
Zin


Innate Abilities, Weirdness & Mutations

You cannot wear most types of armour.
You are very stealthy in the water. (Stealth+)
You are amphibious.
You can wear up to eight rings at the same time.
You can use your tentacles to constrict eight enemies at once.
Your skin changes colour to match your surroundings (Stealth+).
Your rubbery body absorbs attacks. (AC +1, EV +1)


Message History

You grab the ball python. You squeeze the ball python.
You kill the ball python!
You barely miss the orc. Your grab misses the orc.
The orc hits you but does no damage.
You hit the orc. You grab the orc.
The orc is moderately wounded.
You constrict the orc. The orc hits you with a club.
An orc wizard comes into view. It is wielding a dagger.
The orc wizard shouts!
You hit the orc. You squeeze the orc.
You kill the orc!
The orc wizard points at you and mumbles some strange words.
The puff of flame hits you!
Ouch! That really hurt!
* * * LOW HITPOINT WARNING * * *
The orc shouts!
You are too injured to fight recklessly!
The orc wizard gestures at you while chanting.
The magic dart hits you!
You die...

.........###.#.......# .# ####
.........##..........###.#. ....
[...........o#............. ....
.........###<#......)..# ....
.........##...........##### ....
.........##.......†.......###....
###########.....o.............(..
#...##o####.........#
######@##...........#
#######....##........#
.........)###........#
.....$.)..#..........#
.......†..#.#.......[#
............#........#
..........###........#
..........##.........#
#####................#


You could see an orc priest (wandering), an orc wizard and an orc.

Vanquished Creatures
  An adder (D:2)
  An ooze (D:3)
  2 worms (D:2)
  A dart slug (D:1)
  2 orcs (D:3)
  A giant cockroach (D:1)
  2 goblins
  3 hobgoblins (D:2)
  2 ball pythons
  6 bats
  4 kobolds
  3 rats
28 creatures vanquished.

Notes
Turn   | Place    | Note
-------+----------+-------------------------------------------
     0 | D:1      | greprep the Octopode Enchanter began the quest for the Orb.
     0 | D:1      | Reached XP level 1. HP: 11/11 MP: 3/3
   147 | D:1      | Reached XP level 2. HP: 17/17 MP: 5/5
  1013 | D:2      | Found a faded altar of an unknown god.
  1013 | D:2      | Found a sacrificial altar of Ru.
  1018 | D:2      | Found a glowing silver altar of Zin.
  1020 | D:2      | Found a sparkling altar of Nemelex Xobeh.
  1021 | D:2      | Found a faded altar of an unknown god.
  1123 | D:2      | Learned a level 2 spell: Ensorcelled Hibernation
  1158 | D:2      | Found a shimmering altar of Xom.
  1159 | D:2      | Found a hazy altar of Hepliaklqana.
  1159 | D:2      | Noticed a tentacled monstrosity
  1160 | D:2      | Noticed a tentacled monstrosity
  1160 | D:2      | Noticed a spectral ugly thing
  1474 | D:2      | Reached skill level 5 in Stealth
  1484 | D:2      | Reached XP level 3. HP: 18/21 MP: 6/6
  1556 | D:2      | Learned a level 3 spell: Confuse
  1642 | D:2      | Reached skill level 1 in Shields
  1905 | D:3      | Killed from afar by an orc wizard

Skill      XL: |  1  2  3 |
---------------+----------+-----
Stealth        | 5 |  5.5
Shields        | 1 |  1.1
Short Blades   | |  1.0
Dodging        | |  2.5
Spellcasting   | |  2.0
Hexes          | |  3.0

Action                   || total
-------------------------++-------
Melee: Dagger            ||    78
       Constrict         ||    20
       Tentacles         ||    11
 Stab: Sleeping          ||     7
       Distracted        ||     1
  Eat: Chunk             ||     3
Armor: Skin              ||    11
Dodge: Dodged            ||    48
